 Dungeon Crawl Stone Soup version 0.31-a0-1127-ge7b2bbabab (webtiles) character file.

Game seed: 4746591451371986396

119 Descartes the Digger (level 5, 0/35 HPs)
             Began as a Formicid Earth Elementalist on Dec 5, 2023.
             Slain by an orc
             ... wielding a +0 trident
              (7 damage)
             ... on level 3 of the Dungeon.
             The game lasted 00:08:38 (1877 turns).

Descartes the Digger (Formicid Earth Elementalist)  Turns: 1877, Time: 00:08:39

Health: 0/35       AC:  5    Str: 14    XL:     5   Next: 24%
Magic:  15/19      EV: 10    Int: 15    God:
Gold:   122        SH:  4    Dex: 14    Spells: 9/10 levels left

rFire   . . .        d - +4 short sword (drain)
rCold   . . .        o - +0 buckler
rNeg    . . .        p - +0 ring mail
rPois   .            (helmet unavailable)
rElec   .            (no cloak)
rCorr   .            (no gloves)
SInv    +            (no boots)
Will    .....        a - amulet of magic regeneration
Stlth   +            c - ring of magical power
HPRegen 0.25/turn    (no ring)
MPRegen 0.56/turn

%: no passive effects
@: no status effects
A: permanent stasis, dig shafts and tunnels, antennae 3, four strong arms
a: Dig, Shaft Self


You were on level 3 of the Dungeon.
You visited 1 branch of the dungeon, and saw 3 of its levels.

You collected 122 gold pieces.

Inventory:

Hand Weapons
 d - a +4 short sword of draining (weapon)
 f - a +1 whip of venom
Missiles
 t - 6 poisoned darts
Armour
 n - a +0 chain mail
 o - a +0 buckler (worn)
 p - a +0 ring mail (worn)
Jewellery
 a - an amulet of magic regeneration (around neck)
 c - a ring of magical power (left hand)
Wands
 m - a wand of paralysis (5)
 r - a wand of roots (5)
Scrolls
 e - 2 scrolls of torment {unknown}
 g - 2 scrolls of identify {unknown}
 i - 3 scrolls of teleportation {unknown}
 l - a scroll of enchant weapon {unknown}
 q - a scroll of revelation {unknown}
 s - a scroll of fog {unknown}
Potions
 b - a potion of magic
 h - a potion of brilliance {unknown}
 j - 2 potions of resistance {unknown}
 k - 4 potions of curing {unknown}
 u - a potion of haste {unknown}


   Skills:
 - Level 2.1 Armour
 - Level 1.7 Dodging
 - Level 2.4 Stealth
 + Level 1.6 Shields
 + Level 3.4 Spellcasting
 - Level 1.1 Transmutations
 + Level 4.8 Earth Magic


You had 9 spell levels left.
You knew the following spells:

 Your Spells              Type           Power      Damage    Failure   Level
a - Sandblast             Erth           34%        2d9       8%          1

Your spell library contained the following spells:

 Spells                   Type           Power      Damage    Failure   Level
 Passwall                 Tmut/Erth      9%         N/A       24%         2
 Stone Arrow              Conj/Erth      18%        3d8       52%         3
 Ozocubu's Armour         Ice            2%         N/A       85%         3
 Petrify                  Tmut/Erth      11%        N/A       85%         4
 Brom's Barrelling Bould  Conj/Erth      9%         2d3       89%         4
 Metabolic Englaciation   Hex/Ice        1%         N/A       100%        5
 Simulacrum               Ice/Necr       1%         N/A       100%        6


Dungeon Overview and Level Annotations

Branches:
Dungeon (3/15)

Altars:
Kikubaaqudgha
Okawaru
Yredelemnul

Shops:
D:2 ?


Innate Abilities, Weirdness & Mutations

You cannot be hasted, slowed, berserked, paralysed or teleported.
You can dig through walls and to a lower floor.
You have a pair of large antennae on your head. (SInv)
Your four strong arms can wield two-handed weapons with a shield.


Message History

Aiming: Sandblast (safe; 8% risk of failure)
Press: ? - help, Shift-Dir - straight line, f - orc
Aim: an orc, wielding a +0 mace (almost dead, 82% to hit)
The blast of sand hits the orc!
You kill the orc!
The orc hits you from afar with a +0 trident.
* * * LOW HITPOINT WARNING * * *
You block the orc's attack.
Casting: Sandblast (safe; 8% risk of failure)
Confirm with . or Enter, or press ? or * to list all spells.
Aiming: Sandblast (safe; 8% risk of failure)
Press: ? - help, Shift-Dir - straight line, f - orc
Aim: an orc, wielding a +0 trident and wearing a +0 leather armour (82% to hit)
The blast of sand misses the orc.
The orc hits you from afar with a +0 trident.
* * * LOW HITPOINT WARNING * * *
Casting: Sandblast (safe; 8% risk of failure)
Confirm with . or Enter, or press ? or * to list all spells.
Aiming: Sandblast (safe; 8% risk of failure)
Press: ? - help, Shift-Dir - straight line, f/p - orc
Aim: an orc, wielding a +0 trident and wearing a +0 leather armour (82% to hit)
The blast of sand hits the orc.
The orc is heavily wounded.
The orc closely misses you. You block the orc's attack.
Casting: Sandblast (safe; 8% risk of failure)
Confirm with . or Enter, or press ? or * to list all spells.
Aiming: Sandblast (safe; 8% risk of failure)
Press: ? - help, Shift-Dir - straight line, f/p - orc
Aim: an orc, wielding a +0 trident and wearing a +0 leather armour (heavily wounded, 82% to hit)
The blast of sand hits the orc.
The orc is heavily wounded.
You block the orc's attack.
Casting: Sandblast (safe; 8% risk of failure)
Confirm with . or Enter, or press ? or * to list all spells.
Aiming: Sandblast (safe; 8% risk of failure)
Press: ? - help, Shift-Dir - straight line, f/p - orc
Aim: an orc, wielding a +0 trident and wearing a +0 leather armour (heavily wounded, 82% to hit)
The blast of sand misses the orc.
You block the orc's attack.
The orc hits you from afar with a +0 trident!
You die...

....... ..... .
......,..... ..
........... ...
#...#......
....#...#......
........)......
........o......
#######)#######
♣@♣♣♣ ♣?..♣♣
♣♣♣..♣♣ ♣♣..♣
♣.♣♣ ♣♣♣ ♣♣.♣♣
♣.. ♣♣.♣ ♣♣.♣
♣..♣♣...♣
♣♣)...♣


You could see an orc.

Vanquished Creatures
  An orc priest (D:3)
  2 adders (D:2)
  A dart slug (D:1)
  4 orcs (D:3)
  5 endoplasms
  2 giant cockroaches
  4 goblins (D:1)
  5 hobgoblins
  4 quokkas
  11 ball pythons
  8 bats
  A frilled lizard (D:1)
  9 kobolds
  6 rats
63 creatures vanquished.

Notes
Turn   | Place    | Note
-------+----------+-------------------------------------------
     0 | D:1      | Descartes the Formicid Earth Elementalist began the quest
                  | for the Orb.
     0 | D:1      | Reached XP level 1. HP: 13/13 MP: 3/3
   101 | D:1      | Reached XP level 2. HP: 19/19 MP: 1/5
   138 | D:1      | Reached skill level 1 in Armour
   238 | D:1      | Reached skill level 4 in Earth Magic
   393 | D:1      | Reached XP level 3. HP: 24/24 MP: 6/6
   933 | D:2      | Found Ylurizir's Magic Scroll Shop.
  1030 | D:2      | Reached XP level 4. HP: 30/30 MP: 8/8
  1355 | D:2      | Found a faded altar of an unknown god.
  1614 | D:3      | Found a basalt altar of Yredelemnul.
  1614 | D:3      | Found an ancient bone altar of Kikubaaqudgha.
  1618 | D:3      | Found an iron altar of Okawaru.
  1861 | D:3      | Reached skill level 1 in Shields
  1870 | D:3      | Reached XP level 5. HP: 14/35 MP: 10/10
  1877 | D:3      | Slain by an orc

Illustrated notes

Levels and vault maps discovered:
D:1:      wander_arrival_estate, layout_basic, minmay_misc_feat_secret_circle
D:2:      layout_rooms, ebering_ecumenical_altar_petrified, serial_shops,
          nicolae_shop_stone
D:3:      kb_forest_paths, layout_basic, nicolae_overflow_hidden_temple,
          uniq_grinder

Skill      XL: |  1  2  3  4 |
---------------+-------------+-----
Armour         | 1 2 |  2.1
Earth Magic    | 4 |  4.8
Spellcasting   | 3 |  3.4
Shields        | 1 |  1.6
Dodging        | |  1.7
Stealth        | |  2.4
Transmutations | |  1.1

Action                     |  1- 3 |  4- 6 || total
---------------------------+-------+-------++-------
  Melee: Short sword       |       |    13 ||    13
   Cast: Sandblast         |    41 |    38 ||    79
Ability: Dig               |       |     1 ||     1
 Armour: Robe              |    18 |       ||    18
         Chain mail        |     1 |    32 ||    33
         Ring mail         |       |    22 ||    22
  Dodge: Dodged            |    27 |    39 ||    66
  Block: Buckler           |       |     8 ||     8

Table legend: (Time is in decaauts)
 A = Elapsed time spent in this place.
 B = Non-inter-level travel time spent in this place.
 C = Inter-level travel time spent in this place.
 D = Time resting spent in this place.
 E = Time spent auto-exploring this place.
 F = Levels seen in this place.
 G = Mean time per level.
                   A        B        C        D        E       F      G
               +--------+--------+--------+--------+--------+-----+--------+
         Total |   1915 |   1891 |     24 |      0 |   1417 |   3 |  638.3 |
       Dungeon |   1915 |   1891 |     24 |      0 |   1417 |   3 |  638.3 |
               +--------+--------+--------+--------+--------+-----+--------+

Top non-repeatable levels by time:
     D:1: 938 daAuts
     D:2: 679 daAuts
     D:3: 297 daAuts
